 Dungeon Sprint DCSS version 0.28-a0-119-ga52ba8600a (webtiles) character file.

Game seed: 2946005900534618961

1859 lagrange the Carver (level 9, -8/78 HPs)
             Began as a Gnoll Berserker on Aug 13, 2021.
             Was the Champion of Trog.
             Killed by divine providence
             ... invoked by an orc priest
              (17 damage)
             ... in the Dungeon (Sprint III: "The Ten Rune Challenge").
             The game lasted 00:05:04 (1720 turns).

lagrange the Carver (Gnoll Berserker)               Turns: 1720, Time: 00:05:05

Health: -8/78      AC:  4    Str: 20    XL:     9   Next: 13%
Magic:  17/19      EV: 15    Int:  6    God:    Trog [******]
Gold:   32         SH:  0    Dex: 12    Spells: 22/22 levels left

rFire   . . .      SeeInvis .   n - +0 long sword (holy)
rCold   . . .      Faith    .   (no shield)
rNeg    . . .      Spirit   .   o - +0 leather armour
rPois   .          Reflect  .   (no helmet)
rElec   .          Harm     .   (no cloak)
rCorr   .          Rampage  .   (no gloves)
Will    .....      NoTele   +   (no boots)
Stlth   +++.......              (no amulet)
HPRegen 0.23/turn               (no ring)
MPRegen 0.16/turn               (no ring)

@: lethally poisoned (-8 -> -11), on berserk cooldown, slowed, very slow
A: fangs 1, strong nose, distributed training, evolution 1
a: Renounce Religion, Berserk, Trog's Hand, Brothers in Arms


You were in the Dungeon.
You worshipped Trog.
Trog was exalted by your worship.
You visited 1 branch You collected 32 gold pieces.

Inventory:

Hand Weapons
 a - a +0 falchion
 n - a +0 long sword of holy wrath (weapon)
Armour
 b - a +0 animal skin
 o - a +0 leather armour (worn)
Scrolls
 h - a scroll of blinking
 j - 2 scrolls of torment {unknown}
 k - 2 scrolls of identify
Potions
 c - a potion of curing
 d - a potion of heal wounds
 e - 2 potions of haste
 f - 2 potions of magic
 g - a potion of berserk rage
 i - 2 potions of mutation
 l - a potion of brilliance {unknown}
 m - 2 potions of flight


   Skills:
 + Level 9.8 Fighting
 + Level 7.2 Short Blades
 + Level 9.8 Long Blades
 + Level 7.2 Axes
 + Level 7.2 Maces & Flails
 + Level 7.2 Polearms
 + Level 7.2 Staves
 + Level 7.2 Slings
 + Level 7.2 Bows
 + Level 7.2 Crossbows
 + Level 7.2 Throwing
 + Level 8.7 Armour
 + Level 8.7 Dodging
 + Level 7.2 Stealth
 + Level 7.2 Shields
 + Level 7.2 Unarmed Combat
 + Level 7.2 Spellcasting
 + Level 6.0 Conjurations
 + Level 6.0 Hexes
 + Level 6.0 Summonings
 + Level 6.0 Necromancy
 + Level 6.0 Translocations
 + Level 6.0 Transmutations
 + Level 6.0 Fire Magic
 + Level 6.0 Ice Magic
 + Level 6.0 Air Magic
 + Level 6.0 Earth Magic
 + Level 6.0 Poison Magic
 + Level 8.0 Invocations
 + Level 7.2 Evocations


You had 22 spell levels left.
You didn't know any spells.
Your spell library was empty.

Dungeon Overview and Level Annotations

Branches:
Dungeon (1/1)

Altars:
Cheibriados
Dithmenos
Elyvilon
Fedhas
Gozag
Hepliaklqana
Kikubaaqudgha
Makhleb
Nemelex Xobeh
Okawaru
Qazlal
Ru
Sif Muna
Trog
Uskayaw
Vehumet
Wu Jian
Xom
Yredelemnul
Zin
The Shining One
Beogh
Jiyva
Lugonu

Shops:
D *

Annotations:
D Josephine


Innate Abilities, Weirdness & Mutations

You have very sharp teeth.
Your uncanny sense of smell can sniff out nearby items.
Your experience applies equally to all skills.
You evolve.


Message History

Your Necromancy skill increases to level 6!
Your Translocations skill increases to level 6!
Your Transmutations skill increases to level 6!
Your Fire Magic skill increases to level 6!
Your Ice Magic skill increases to level 6!
Your Air Magic skill increases to level 6!
Your Earth Magic skill increases to level 6!
Your Poison Magic skill increases to level 6!
Your Invocations skill increases to level 8!
Your Evocations skill increases to level 7!
You have reached level 9!
Your experience leads to an increase in your attributes!
Increase (S)trength, (I)ntelligence, or (D)exterity?
You feel stronger.
You are too berserk!
Josephine hits you with a +1 dagger of venom.
* * * LOW HITPOINT WARNING * * *
You are lethally poisoned!
There is an open door to the Orcish Mines here.
Things that are here:
a +0 hand axe; an orc corpse You feel a strong urge to attack something.
You are no longer berserk.
You are exhausted.
You feel yourself slow down.
* * * LOW HITPOINT WARNING * * *
You feel sick.
You feel better.
Josephine hits you with a +1 dagger of venom.
* * * LOW HITPOINT WARNING * * *
You are poisoned.
The orc wizard gestures wildly while chanting.
The orc wizard flickers and vanishes!
Deactivating autopickup; reactivate with Ctrl-A.
Josephine barely misses you.
You aren't carrying any items that you can evoke.
You feel sick.
The orc priest mumbles some strange prayers to Beogh against you.
Beogh smites you!
You die...

♣.#___#___#__####$###.
♣.#...#__)#._#$$.o....
♣.###'#'###)##.$oo.. ∆
♣♣♣.#..........#{o..
..♣.'.⌠........#oo#o∆
∆∆ ≈♣♣.#...######'#o#
∆
....#.⌠.#__#...#o#####
....#...#__#...#.@§§§+
....#'###__#...#@#§§§#
....#.).#__#...'.#§§.#
....#___#__'...#.# §.#
▓▓▓▓▓▓▓▓▓▓▓▓▓▓▓▓▓▓ ▓▓


You could see Josephine, an orc warrior, an orc priest and 3 orcs.

Vanquished Creatures
  An orc high priest (D)
  A deep elf pyromancer (D)
  A shadow (D)
  A spatial vortex (D)
  A necrophage (D)
  A water elemental (D)
  An orc priest (D)
  A jelly (D)
  Jessica (D)
  A wizard (D)
  A necromancer (D)
  A kobold demonologist (D)
  3 humans (D)
  A wolf (D)
  4 orcs (D)
  2 endoplasms (D)
  A rat (D)
23 creatures vanquished.

Vanquished Creatures (others)
  6 plants (D)
6 creatures vanquished.

Grand Total: 29 creatures vanquished

Notes
Turn   | Place    | Note
-------+----------+-------------------------------------------
     0 | D        | lagrange the Gnoll Berserker began the quest for the Orb.
     0 | D        | Reached XP level 1. HP: 23/23 MP: 1/1
   107 | D        | Noticed Jessica
   108 | D        | Reached ** piety under Trog
   112 | D        | Killed Jessica
   113 | D        | Reached skill level 1 in Short Blades
   113 | D        | Reached skill level 1 in Axes
   113 | D        | Reached skill level 1 in Maces & Flails
   113 | D        | Reached skill level 1 in Polearms
   113 | D        | Reached skill level 1 in Staves
   113 | D        | Reached skill level 1 in Slings
   113 | D        | Reached skill level 1 in Bows
   113 | D        | Reached skill level 1 in Crossbows
   113 | D        | Reached skill level 1 in Throwing
   113 | D        | Reached skill level 1 in Stealth
   113 | D        | Reached skill level 1 in Shields
   113 | D        | Reached skill level 1 in Unarmed Combat
   113 | D        | Reached skill level 1 in Spellcasting
   113 | D        | Reached skill level 1 in Conjurations
   113 | D        | Reached skill level 1 in Hexes
   113 | D        | Reached skill level 1 in Summonings
   113 | D        | Reached skill level 1 in Necromancy
   113 | D        | Reached skill level 1 in Translocations
   113 | D        | Reached skill level 1 in Transmutations
   113 | D        | Reached skill level 1 in Fire Magic
   113 | D        | Reached skill level 1 in Ice Magic
   113 | D        | Reached skill level 1 in Air Magic
   113 | D        | Reached skill level 1 in Earth Magic
   113 | D        | Reached skill level 1 in Poison Magic
   113 | D        | Reached skill level 1 in Evocations
   113 | D        | Reached XP level 2. HP: 29/29 MP: 1/4
   113 | D        | Reached XP level 3. HP: 35/35 MP: 1/5
   208 | D        | Reached skill level 5 in Armour
   208 | D        | Reached skill level 5 in Dodging
   384 | D        | Gained mutation: You evolve. [potion of mutation]
   384 | D        | Gained mutation: You are frail. (-10% HP) [potion of
                  | mutation]
   384 | D        | Lost mutation: You are frail. (-10% HP) [potion of
                  | mutation]
   406 | D        | Reached XP level 4. HP: 7/43 MP: 7/7
   680 | D        | Noticed a water elemental
   685 | D        | Killed a water elemental
   685 | D        | Reached *** piety under Trog
   686 | D        | Reached XP level 5. HP: 44/48 MP: 7/9
   703 | D        | Found a glowing silver altar of Zin.
   703 | D        | Found a glowing golden altar of the Shining One.
   703 | D        | Found a white marble altar of Elyvilon.
   704 | D        | Noticed a deep elf pyromancer
   716 | D        | Killed a deep elf pyromancer
   717 | D        | Reached skill level 5 in Short Blades
   717 | D        | Reached skill level 5 in Axes
   717 | D        | Reached skill level 5 in Maces & Flails
   717 | D        | Reached skill level 5 in Polearms
   717 | D        | Reached skill level 5 in Staves
   717 | D        | Reached skill level 5 in Slings
   717 | D        | Reached skill level 5 in Bows
   717 | D        | Reached skill level 5 in Crossbows
   717 | D        | Reached skill level 5 in Throwing
   717 | D        | Reached skill level 5 in Stealth
   717 | D        | Reached skill level 5 in Shields
   717 | D        | Reached skill level 5 in Unarmed Combat
   717 | D        | Reached skill level 5 in Spellcasting
   717 | D        | Reached skill level 5 in Invocations
   717 | D        | Reached skill level 5 in Evocations
   717 | D        | Reached XP level 6. HP: 24/57 MP: 9/13
   717 | D        | Reached XP level 7. HP: 26/63 MP: 9/14
   940 | D        | Found a hide-covered altar of Uskayaw.
   940 | D        | Found an iron altar of Okawaru.
   940 | D        | Found a bloodstained altar of Trog.
   940 | D        | Found an ornate altar of the Wu Jian Council.
   940 | D        | Noticed a human
   941 | D        | Noticed a human
   950 | D        | Killed a human
   955 | D        | Killed a human
   955 | D        | Reached **** piety under Trog
  1012 | D        | Found a basalt altar of Yredelemnul.
  1012 | D        | Found a shadowy altar of Dithmenos.
  1012 | D        | Found a sacrificial altar of Ru.
  1016 | D        | Reached skill level 5 in Conjurations
  1016 | D        | Reached skill level 5 in Hexes
  1016 | D        | Reached skill level 5 in Summonings
  1016 | D        | Reached skill level 5 in Necromancy
  1016 | D        | Reached skill level 5 in Translocations
  1016 | D        | Reached skill level 5 in Transmutations
  1016 | D        | Reached skill level 5 in Fire Magic
  1016 | D        | Reached skill level 5 in Ice Magic
  1016 | D        | Reached skill level 5 in Air Magic
  1016 | D        | Reached skill level 5 in Earth Magic
  1016 | D        | Reached skill level 5 in Poison Magic
  1020 | D        | Reached XP level 8. HP: 71/71 MP: 17/17
  1053 | D        | Noticed a shadow
  1059 | D        | Killed a shadow
  1062 | D        | Reached ***** piety under Trog
  1433 | D        | Found a blossoming altar of Fedhas.
  1433 | D        | Found a stormy altar of Qazlal.
  1433 | D        | Found a snail-covered altar of Cheibriados.
  1433 | D        | Found a burning altar of Makhleb.
  1433 | D        | Found a shimmering altar of Xom.
  1434 | D        | Found a hazy altar of Hepliaklqana.
  1434 | D        | Found an opulent altar of Gozag.
  1434 | D        | Found a sparkling altar of Nemelex Xobeh.
  1434 | D        | Found a corrupted altar of Lugonu.
  1434 | D        | Found a viscous altar of Jiyva.
  1656 | D        | Found a radiant altar of Vehumet.
  1656 | D        | Found a shimmering blue altar of Sif Muna.
  1656 | D        | Found an ancient bone altar of Kikubaaqudgha.
  1696 | D        | Found Tade's Assorted Antiques.
  1696 | D        | Noticed an orc high priest
  1707 | D        | Noticed an ice devil
  1707 | D        | Noticed a hellwing
  1711 | D        | Noticed Josephine
  1716 | D        | Killed an orc high priest
  1716 | D        | Reached ****** piety under Trog
  1717 | D        | Reached XP level 9. HP: 12/78 MP: 17/19
  1720 | D        | Killed from afar by an orc priest

Illustrated notes

Levels and vault maps discovered:
D:        dungeon_sprint_mu [sprint_mu_entry_forest, sprint_mu_temple_rooms,
          sprint_mu_d1_horrors, sprint_mu_d2_genie, sprint_mu_d3_branching,
          sprint_mu_orc_legion, sprint_mu_elf_gauntlet, sprint_mu_hive_nellie,
          sprint_mu_lair_fedhas, sprint_mu_vaults_butterflies,
          sprint_mu_slime_circle, sprint_mu_swamp_cave, sprint_mu_snake_twists,
          sprint_mu_blade_basic, sprint_mu_crypt_lich, sprint_mu_tomb_spiral,
          sprint_mu_vestibule_basic, sprint_mu_gehenna_hellfire,
          sprint_mu_dis_giant, sprint_mu_tartarus_statrot,
          sprint_mu_cocytus_islands, sprint_mu_zot1]

Skill      XL: |  1  2  3  4  5  6  7  8 |
---------------+-------------------------+-----
Short Blades   | 1 2 3 5 6 7 |  7.2
Axes           | 1 2 3 5 6 7 |  7.2
Maces & Flails | 1 2 3 5 6 7 |  7.2
Polearms       | 1 2 3 5 6 7 |  7.2
Staves         | 1 2 3 5 6 7 |  7.2
Slings         | 1 2 3 5 6 7 |  7.2
Bows           | 1 2 3 5 6 7 |  7.2
Crossbows      | 1 2 3 5 6 7 |  7.2
Throwing       | 1 2 3 5 6 7 |  7.2
Stealth        | 1 2 3 5 6 7 |  7.2
Shields        | 1 2 3 5 6 7 |  7.2
Unarmed Combat | 1 2 3 5 6 7 |  7.2
Spellcasting   | 1 2 3 5 6 7 |  7.2
Conjurations   | 1 2 4 5 6 |  6.0
Hexes          | 1 2 4 5 6 |  6.0
Summonings     | 1 2 4 5 6 |  6.0
Necromancy     | 1 2 4 5 6 |  6.0
Translocations | 1 2 4 5 6 |  6.0
Transmutations | 1 2 4 5 6 |  6.0
Fire Magic     | 1 2 4 5 6 |  6.0
Ice Magic      | 1 2 4 5 6 |  6.0
Air Magic      | 1 2 4 5 6 |  6.0
Earth Magic    | 1 2 4 5 6 |  6.0
Poison Magic   | 1 2 4 5 6 |  6.0
Invocations    | 2 3 5 6 8 |  8.0
Evocations     | 1 2 3 5 6 7 |  7.2
Armour         | 5 7 8 |  8.7
Dodging        | 5 7 8 |  8.7
Fighting       | 7 8 9 |  9.8
Long Blades    | 7 8 9 |  9.8

Action                   |  1- 3 |  4- 6 |  7- 9 || total
-------------------------+-------+-------+-------++-------
Melee: Falchion          |    22 |     9 |       ||    31
       Bite              |       |     3 |     8 ||    11
       Long sword        |       |       |    51 ||    51
       Punch             |       |       |     2 ||     2
Invok: Berserk           |     2 |     2 |     3 ||     7
  Use: Scroll            |     2 |       |       ||     2
       Potion            |     1 |       |     1 ||     2
 Stab: Sleeping          |       |       |     1 ||     1
Armor: Animal skin       |     1 |       |     1 ||     2
       Leather armour    |       |       |     1 ||     1
Dodge: Dodged            |     9 |     2 |    24 ||    35
       Rpst.: Falchion   |     3 |     1 |       ||     4
       Long sword        |       |       |     8 ||     8

Table legend: (Time is in decaauts)
 A = Elapsed time spent in this place.
 B = Non-inter-level travel time spent in this place.
 C = Inter-level travel time spent in this place.
 D = Time resting spent in this place.
 E = Time spent auto-exploring this place.
 F = Levels seen in this place.
 G = Mean time per level.
                   A        B        C        D        E       F      G
               +--------+--------+--------+--------+--------+-----+--------+
         Total |   1773 |   1773 |      0 |   1466 |      0 |   1 | 1773.0 |
       Dungeon |   1773 |   1773 |      0 |   1466 |      0 |   1 | 1773.0 |
               +--------+--------+--------+--------+--------+-----+--------+

Top non-repeatable levels by time:
       D: 1773 daAuts
